 Dungeon Crawl Stone Soup version 0.24.0-13-gcf9b319 (webtiles) character file.

Game seed: 48188530612771265, levelgen mode: deterministic

1281 Dovakin the Slasher (level 8, -3/71 HPs)
             Began as a Hill Orc Gladiator on Dec 15, 2019.
             Was a Believer of Beogh.
             Slain by a bullfrog (5 damage)
             ... in a sewer.
             The game lasted 00:11:25 (5694 turns).

Dovakin the Slasher (Hill Orc Gladiator)            Turns: 5694, Time: 00:11:26

Health: -3/71      AC: 16    Str: 15    XL:     8   Next: 54%
Magic:  8/8        EV: 11    Int:  8    God:    Beogh [**....]
Gold:   356        SH:  0    Dex: 18    Spells: 7/7 levels left

rFire    . . .     SeeInvis .   a - +0 long sword
rCold    . . .     Gourm    .   (no shield)
rNeg     . . .     Faith    .   r - +1 plate armour
rPois    .         Spirit   .   o - +2 helmet
rElec    .         Reflect  .   (no cloak)
rCorr    .         Harm     .   (no gloves)
MR       .....                  (no boots)
Stlth    ..........             (no amulet)
HPRegen  0.21/turn              g - ring of stealth
MPRegen  0.11/turn              k - -3 ring of strength (curse)

@: agile, lethally poisoned (-3 -> -4), very slightly contaminated
A: no striking features
a: Smiting, Renounce Religion


You were in a sewer.
You worshipped Beogh.
Beogh was pleased with you.
You were hungry.

You visited 2 branches of the dungeon, and saw 7 of its levels.
You also visited: Sewer.

You collected 356 gold pieces.

Inventory:

Hand Weapons
 a - a +0 long sword (weapon)
Missiles
 d - 2 throwing nets (quivered)
Armour
 b - a +0 leather armour
 c - a +0 helmet
 h - the +1 scale mail "Viunec" {MR++}
   (You found it on level 5 of the Dungeon)

   It affects your resistance to hostile enchantments.
 m - a +0 ring mail
 o - a +2 helmet (worn)
 r - a +1 plate armour (worn)
Jewellery
 e - an uncursed ring of protection from cold {unknown}
 g - a ring of stealth (left hand)
 j - an uncursed ring of stealth
 k - a cursed -3 ring of strength (right hand)
Scrolls
 n - a scroll of blinking
 p - 2 scrolls of teleportation
 q - a scroll of fear
 w - a scroll of fog
 x - 2 scrolls of magic mapping
Potions
 i - 3 potions of flight
 l - a potion of agility
 s - a potion of curing {unknown}
 u - a potion of magic
 v - 2 potions of brilliance {unknown}
Comestibles
 f - 8 rations
 z - a chunk of flesh


   Skills:
 + Level 6.3 Fighting
 + Level 6.5 Long Blades
 - Level 1.8 Throwing
 + Level 5.0 Armour
 + Level 4.9 Dodging


You had 7 spell levels left.
You didn't know any spells.
Your spell library contained the following spells:

 Spells                   Type           Power        Failure   Level  Hunger
 Corona                   Hex            #......      100%        1    ##.....
 Ensorcelled Hibernation  Hex/Ice        #.....       100%        2    ###....
 Confuse                  Hex            #.......     100%        3    ####...
 Dazzling Spray           Conj/Hex       #.....       100%        3    ####...
 Tukima's Dance           Hex            #.......     100%        3    ####...


Dungeon Overview and Level Annotations

Branches:
Dungeon (6/15)             Temple (1/1) D:5           Sewer (1/1)

Altars:
Ashenzari
Dithmenos
Ru
Yredelemnul

Shops:
D:4 }

Annotations:
D:3 3 runed translucent doors, razgard's ghost, amateur MfBe


Message History

You closely miss the adder.
The adder is almost dead.
You feel sick.
The bullfrog hits you but does no damage.
The adder bites you.
* * * LOW HITPOINT WARNING * * *
Unknown command.
You hit the adder.
You kill the adder!
Beogh accepts your kill.
The bullfrog hits you but does no damage. x2
The ball python barely misses you.
You riposte.
You slash the ball python!
You kill the ball python!
Beogh accepts your kill.
It was a potion of agility.
You feel agile all of a sudden. The bullfrog closely misses you.
It was a potion of magic.
Magic courses through your body. The bullfrog hits you.
You die...

## .######
......##
######
.......##
##....##
........#
+......#
##......##
#......#
.##......#
#@.....#
.###...≈.#
#†F.≈.##
###≈≈≈≈≈≈#
#≈≈#≈≈≈#
#≈≈≈≈≈≈#
#≈≈≈≈≈≈#
#≈≈≈≈≈≈#
#≈≈≈≈≈≈#
#≈≈≈≈≈≈#
#≈≈≈≈≈≈#
#≈≈≈≈≈≈#
#≈≈†≈≈≈#
#≈≈≈≈≈≈#
#≈≈≈≈≈≈#
#≈≈≈≈≈≈#
#≈≈≈≈.≈#


You could see a bullfrog.

Vanquished Creatures
  A water moccasin (D:6)
  An ice beast (D:5)
  An ogre (D:4)
  2 phantoms (D:5)
  A bullfrog (Sewer)
  A howler monkey (D:4)
  A crimson imp (D:5)
  2 hounds (D:3)
  2 orc priests (D:5)
  3 iguanas
  3 worker ants
  A hound skeleton (D:4)
  A howler monkey skeleton (D:5)
  15 adders
  9 gnolls
  5 river rats (Sewer)
  An ooze (D:2)
  A worm (D:2)
  2 dart slugs
  2 leopard geckos
  8 orcs
  4 giant cockroaches (D:2)
  7 goblins
  6 hobgoblins
  2 jackals (D:3)
  A quokka (D:3)
  12 ball pythons
  6 bats
  7 frilled lizards
  11 kobolds
  A leopard gecko zombie (D:5)
  38 rats
158 creatures vanquished.

Vanquished Creatures (others)
  An orc priest (D:4)
1 creature vanquished.

Grand Total: 159 creatures vanquished

Notes
Turn   | Place    | Note
-------+----------+-------------------------------------------
     0 | D:1      | Dovakin the Hill Orc Gladiator began the quest for the Orb.
     0 | D:1      | Reached XP level 1. HP: 18/18 MP: 1/1
    84 | D:1      | Reached XP level 2. HP: 19/25 MP: 2/2
   792 | D:1      | Reached XP level 3. HP: 30/30 MP: 3/3
  1212 | D:2      | Reached skill level 1 in Armour
  1370 | D:2      | Reached XP level 4. HP: 37/37 MP: 4/4
  1396 | D:2      | Found a sacrificial altar of Ru.
  1397 | D:2      | Found a basalt altar of Yredelemnul.
  1862 | D:3      | Found a runed translucent gate.
  1862 | D:3      | Found a runed translucent gate.
  1862 | D:3      | Found a runed translucent gate.
  1863 | D:3      | Noticed razgard's ghost (amateur MfBe)
  1864 | D:3      | Identified the +10 short sword "Fioschun" {elec, *Slow
                  | Dex+7}
  1864 | D:3      | Noticed a big kobold
  1979 | D:3      | Reached XP level 5. HP: 36/45 MP: 5/5
  2372 | D:4      | Found Ennottapn's Gadget Shoppe.
  2381 | D:4      | Noticed an ogre
  2397 | D:4      | Killed an ogre
  2397 | D:4      | Reached XP level 6. HP: 34/52 MP: 6/6
  2591 | D:4      | Reached skill level 5 in Long Blades
  2857 | D:4      | Reached XP level 7. HP: 32/60 MP: 7/7
  3054 | D:4      | Became a worshipper of Beogh the Brigand
  3107 | D:5      | Entered Level 5 of the Dungeon
  3449 | D:5      | Found a staircase to the Ecumenical Temple.
  3534 | D:5      | Reached skill level 5 in Fighting
  3971 | D:5      | Got a bloodstained scale mail
  3982 | D:5      | Identified the +1 scale mail "Viunec" {MR++} (You found it
                  | on level 5 of the Dungeon)
  4359 | D:5      | Reached XP level 8. HP: 66/69 MP: 8/8
  4678 | Temple   | Entered the Ecumenical Temple
  5081 | D:6      | Reached * piety under Beogh
  5126 | D:6      | Found a glowing drain.
  5137 | Sewer    | Entered a sewer
  5416 | Sewer    | Reached ** piety under Beogh
  5683 | Sewer    | Reached skill level 5 in Armour
  5688 | Sewer    | HP: 3/70 [bullfrog (3)]
  5694 | Sewer    | Slain by a bullfrog

Levels and vault maps discovered:
D:1:      scummos_arrival_checkerplants, layout_basic, minmay_rat_gold_closets
D:2:      layout_rooms, gammafunk_temple_overflow_statue,
          kennysheep_generic_room_11
D:3:      layout_rooms, gammafunk_ghost_nasty_kobolds, cheibrodos_gnoll_hut
D:4:      layout_gridville, serial_shops, shop, first_ration
D:5:      layout_loops_ring, minmay_temple_entry_proselytizer
D:6:      layout_loops_ring, lemuel_zombie_altar_kikubaaqudgha,
          lemuel_doored_altar, portal_sewer_entry_e, uniq_edmund
Temple:   hc_temple_tempest_star
Sewer:    sewer_minmay_w

Skill      XL: |  1  2  3  4  5  6  7  8 |
---------------+-------------------------+-----
Long Blades    | 4 5 6 |  6.5
Armour         | 1 2 3 4 5 |  5.0
Dodging        | 3 4 |  4.9
Fighting       | 3 4 5 6 |  6.3
Throwing       | |  1.8

Action                   |  1- 3 |  4- 6 |  7- 9 || total
-------------------------+-------+-------+-------++-------
Melee: Long sword        |   107 |   154 |   511 ||   772
Throw: Throwing net      |     2 |       |       ||     2
Invok: Convert to Beogh  |       |       |     1 ||     1
  Use: Scroll            |     6 |     5 |     6 ||    17
       Potion            |       |     1 |     6 ||     7
 Stab: Sleeping          |     7 |     5 |       ||    12
       Held in net/web   |     2 |       |       ||     2
  Eat: Chunk             |     1 |     6 |     3 ||    10
       Ration            |       |       |     2 ||     2
Armor: Leather armour    |    15 |       |       ||    15
       Ring mail         |    16 |    56 |       ||    72
       Plate armour      |       |    34 |   540 ||   574
Dodge: Dodged            |    75 |   121 |   210 ||   406
       Rpst.: Long sword |    26 |    39 |    59 ||   124
